 Dungeon Crawl Stone Soup version 0.16-a0-4099-g0be755f (webtiles) character file.

11734 McCoppin the Grappler (level 11, -13/107 HPs)
             Began as a Troll Monk on Feb 26, 2015.
             Splashed by an acid blob's acid (15 damage)
             ... on level 7 of the Lair of Beasts.
             The game lasted 00:57:12 (10834 turns).

McCoppin the Grappler (Troll Monk)                 Turns: 10834, Time: 00:57:12

Health: -13/107    AC: 10    Str: 21    XL:     11   Next: 53%
Magic:  4/4        EV: 15    Int:  6    God:
Gold:   670        SH:  0    Dex: 15    Spells: 0 memorised, 10 levels left

rFire  + . .     SeeInvis .       - Unarmed
rCold  + . .     Clarity  .     C - +2 robe {rC+ rF+}
rNeg   . . .     SustAb   .     (shield restricted)
rPois  +         Gourm    +     (helmet restricted)
rElec  .         Spirit   .     I - +2 cloak
rCorr  .         Warding  .     (gloves unavailable)
rMut   .         Stasis   .     (boots unavailable)
MR     .....                    (no amulet)
Stlth  ++........               (no ring)
                                n - ring of poison resistance

@: about to teleport, drained, not resistant to hostile enchantments, unstealthy
A: unfitting armour, claws 3, fast metabolism 3, gourmand, regeneration 2,
shaggy fur 1, tough skin 2
a: no special abilities


You were on level 7 of the Lair of Beasts.
You were hungry.

You visited 3 branches of the dungeon, and saw 18 of its levels.
You also visited: Labyrinth.

You collected 670 gold pieces.

Inventory:

Hand weapons
 H - the +5 dagger of Laceration {distort, rElec rF+ rN+, unknown}
   (You found it in a labyrinth)

   It warps and distorts space around it.
   Unwielding it can cause banishment or high damage.
   It protects you from fire.
   It insulates you from electricity.
   It protects you from negative energy.
Armour
 a - a +1 robe
 C - a +2 robe of resistance (worn)
 I - a +2 cloak (worn)
Jewellery
 n - a ring of poison resistance (left claw)
 z - an uncursed ring of loudness
 F - an uncursed amulet of resist mutation
Magical devices
 g - a wand of draining (5)
 i - a wand of fire (5)
 j - a wand of draining (2)
 m - a wand of confusion (19)
 p - a wand of draining (6)
 t - a wand of frost (33)
 A - a wand of digging (16)
 E - a wand of teleportation (3)
Scrolls
 d - 2 scrolls of identify
 e - a scroll of amnesia
 h - 4 scrolls of remove curse
 x - a scroll of enchant weapon
 y - a scroll of recharging
Potions
 o - a potion of ambrosia {unknown}
 q - a potion of haste
 r - 2 potions of resistance {unknown}
 s - 2 potions of restore abilities
 u - 5 potions of curing
 v - a potion of mutation
 w - 2 potions of cancellation
 B - 2 potions of agility
Books
 G - Opned's Compendium of Curses
   (You found it in a labyrinth)

   Spells                             Type                      Level
   a - Ensorcelled Hibernation        Hexes/Ice                    2
   b - Dazzling Spray                 Conjuration/Hexes            3
   c - Tukima's Dance                 Hexes                        3
   d - Inner Flame                    Hexes/Fire                   3
   e - Fulminant Prism                Conjuration/Hexes            4
   f - Leda's Liquefaction            Hexes/Earth                  4
   g - Metabolic Englaciation         Hexes/Ice                    5
   h - Mass Confusion                 Hexes                        6
Comestibles
 b - 5 meat rations
 c - 2 slices of pizza
 f - 2 royal jellies
 k - 7 bread rations
 l - 8 fruits
 D - a beef jerky
 J - 3 poisonous chunks of flesh


   Skills:
 + Level 6.7(6.6) Fighting
 + Level 8.5(8.4) Dodging
 - Level 1.1(1.0) Stealth
 - Level 14.0(13.9) Unarmed Combat


You had 10 spell levels left.
You didn't know any spells.

Dungeon Overview and Level Annotations

Branches:
Dungeon (10/15)            Temple (0/1) D:5            Lair (7/8) D:10
  Snake (0/5) Lair:3        Slime (1/6) Lair:7
  Swamp: Lair:3-6    Shoals: Lair:3-6       Orc: D:9-12

Altars:
Fedhas
Ru
Yredelemnul
Zin

Shops:
D:4 }

Annotations:
D:3 Noname's ghost, average DsWz


Innate Abilities, Weirdness & Mutations

You are too large for most types of armour.
You have claws for hands.
Your metabolism is lightning-fast.
You like to eat raw meat.
You heal very quickly.
You are covered in fur (AC +1).
You have very tough skin (AC +2).


Message History

The floor.
Read which item? (? for menu, Esc to quit)
Okay, then.
Evoke which item? (* to show all) (? for menu, Esc to quit)
Zapping:
E - a wand of teleportation (will waste charges)
Press: ? - help, Shift-Dir - straight line, f - you You feel strangely unstable.
Evoking this partially-identified wand wasted a few charges.
The acid blob hits you.
You are splashed with acid!
The acid burns!
You claw the acid blob!
Your claws burn!
The acid blob is lightly wounded.
The acid blob hits you!!!
* * * LOW HITPOINT WARNING * * *
You are splashed with acid!
The acid burns!
* * * LOW HITPOINT WARNING * * *
The acid blob spits acid at you. The splash of acid hits you!
* * * LOW HITPOINT WARNING * * *
The acid burns!
You die...

#....#...............**
##..................##
#................P..##
##.....................
#......................
#......................
#......................
#....>..........[......
###..J.@................
*#...P.#P..#.[.......##..
#.#....#.P..#.......##.##
#*#.....P∩.........##.#.P
##................##...
**#.##.P..........##....
*,#.*#.P.#.#......##P...
**..PP.#...........###..
#PPP...............#...


You could see an acid blob.

Vanquished Creatures
  A minotaur (Lab)
  The ghost of ark the Basher, an experienced OgSk of Ashenzari (D:7)
  A hill giant (D:6)
  A griffon (Lair:5)
  2 spiny frogs
  4 komodo dragons
  A fire drake (Lair:6)
  Prince Ribbit (D:9)
  The ghost of mauris the Changer, an average MfTm (D:4)
  A boulder beetle (Lair:7)
  A basilisk (Lair:4)
  A wyvern (Lair:7)
  5 yaks (Lair:6)
  A deep elf mage (D:7)
  Eustachio (D:4)
  2 hippogriffs
  A hungry ghost (D:9)
  2 porcupines
  An orc warrior (D:6)
  3 water moccasins (Lair:4)
  3 black bears
  A sky beast (D:8)
  2 ogres
  3 phantoms
  Sigmund (D:4)
  Duvessa (D:4)
  2 big kobolds
  3 centaurs
  4 crocodiles
  Blork the orc (D:4)
  4 giant frogs
  3 scorpions
  10 killer bees
  A goliath beetle (D:8)
  Dowan (D:4)
  A crimson imp (D:5)
  4 lava snakes (Lab)
  A giant frog zombie (D:7)
  A quasit (D:9)
  6 orc priests
  A jelly (D:9)
  A centaur skeleton (D:7)
  2 giant frog skeletons (D:9)
  8 hounds
  11 worker ants
  10 orc wizards
  5 iguanas
  A killer bee zombie (D:5)
  2 hound zombies
  Terence (D:3)
  10 adders
  4 gnolls
  32 river rats
  3 shadow imps
  A worm (D:2)
  An adder skeleton (D:5)
  5 giant geckos
  2 oozes (D:2)
  38 orcs
  17 bats
  12 goblins
  17 hobgoblins
  13 jackals
  20 kobolds
  5 quokkas
  3 ball pythons
  4 giant cockroaches
  A giant gecko skeleton (D:4)
  5 giant newts
  A jackal skeleton (D:5)
  13 rats
334 creatures vanquished.

Vanquished Creatures (collateral kills)
  A basilisk (Lair:4)
  An adder (Lair:4)
  2 river rats (Lair:4)
4 creatures vanquished.

Vanquished Creatures (others)
  An orc wizard (D:6)
1 creature vanquished.

Grand Total: 339 creatures vanquished

Notes
Turn   | Place    | Note
--------------------------------------------------------------
     0 | D:1      | McCoppin, the Troll Monk, began the quest for the Orb.
     0 | D:1      | Reached XP level 1. HP: 22/22 MP: 1/1
   175 | D:1      | Reached XP level 2. HP: 23/29 MP: 1/1
   548 | D:2      | Reached skill level 5 in Unarmed Combat
   548 | D:2      | Reached XP level 3. HP: 27/36 MP: 2/2
   932 | D:2      | Reached XP level 4. HP: 41/44 MP: 2/2
  1780 | D:3      | Reached skill level 6 in Unarmed Combat
  1788 | D:3      | Reached XP level 5. HP: 23/50 MP: 2/2
  1868 | D:3      | Noticed Noname's ghost (average DsWz)
  1929 | D:3      | Noticed Terence
  1942 | D:3      | Killed Terence
  2422 | D:4      | Noticed mauris' ghost (average MfTm)
  2608 | D:3      | Reached XP level 6. HP: 34/59 MP: 3/3
  2778 | D:4      | Found Skijiobu's Gadget Shop.
  2796 | D:4      | Noticed Duvessa
  2796 | D:4      | Noticed Dowan
  2803 | D:4      | Killed Duvessa
  2808 | D:4      | Killed Dowan
  2878 | D:4      | Found a sacrificial altar of Ru.
  2923 | D:4      | Noticed Sigmund
  2944 | D:4      | Killed Sigmund
  2944 | D:4      | Reached XP level 7. HP: 30/66 MP: 3/3
  3074 | D:4      | Killed mauris' ghost
  3074 | D:4      | Reached skill level 5 in Dodging
  3074 | D:4      | Reached skill level 7 in Unarmed Combat
  3158 | D:4      | Noticed Blork the orc
  3177 | D:4      | Killed Blork the orc
  3422 | D:4      | Reached XP level 8. HP: 57/74 MP: 3/3
  3505 | D:4      | Reached skill level 8 in Unarmed Combat
  3584 | D:4      | Noticed Eustachio
  3608 | D:4      | Killed Eustachio
  4308 | D:5      | Entered Level 5 of the Dungeon
  4356 | D:5      | Reached skill level 9 in Unarmed Combat
  4417 | D:5      | Found a basalt altar of Yredelemnul.
  4446 | D:5      | Found a glowing silver altar of Zin.
  4464 | D:5      | Found a blossoming altar of Fedhas.
  4565 | D:5      | Found a staircase to the Ecumenical Temple.
  5399 | D:6      | Reached skill level 10 in Unarmed Combat
  5630 | D:6      | Reached XP level 9. HP: 68/80 MP: 4/4
  5765 | D:6      | Noticed a hill giant
  5792 | D:6      | Killed a hill giant
  5792 | D:6      | Reached skill level 11 in Unarmed Combat
  6189 | D:7      | Noticed ark's ghost (experienced OgSk)
  6200 | D:7      | Killed ark's ghost
  6200 | D:7      | Reached skill level 12 in Unarmed Combat
  6441 | D:7      | Reached skill level 13 in Unarmed Combat
  6609 | D:7      | Reached XP level 10. HP: 83/88 MP: 4/4
  8059 | D:9      | Reached skill level 14 in Unarmed Combat
  8128 | D:9      | Noticed Prince Ribbit
  8169 | D:9      | Killed Prince Ribbit
  9008 | D:10     | Entered Level 10 of the Dungeon
  9030 | D:10     | Found a staircase to the Lair.
  9034 | Lair:1   | Entered Level 1 of the Lair of Beasts
  9051 | Lair:1   | You fall through a shaft!
  9353 | Lair:3   | Found a staircase to the Snake Pit.
  9353 | Lair:3   | Noticed a guardian serpent
  9690 | Lair:5   | Noticed a griffon
  9694 | Lair:5   | Killed a griffon
  9694 | Lair:5   | Reached skill level 5 in Fighting
  9694 | Lair:5   | Reached XP level 11. HP: 87/102 MP: 4/4
  9803 | Lair:6   | Noticed a seven-headed hydra
 10185 | Lair:7   | Found a staircase to the Slime Pits.
 10228 | Lair:7   | Found a labyrinth entrance.
 10350 | Lab      | Entered a labyrinth
 10571 | Lab      | Noticed a minotaur
 10580 | Lab      | HP: 3/105 [minotaur/battleaxe (34)]
 10587 | Lab      | Killed a minotaur
 10603 | Lab      | Identified Opned's Compendium of Curses
 10606 | Lab      | Got a crystal dagger
 10829 | Slime:1  | Entered Level 1 of the Pits of Slime
 10829 | Slime:1  | Noticed an acid blob
 10834 | Lair:7   | HP: 2/107 [acid blob/splash of acid (6)]
 10834 | Lair:7   | Splashed by an acid blob's acid

Action                   |  1- 3 |  4- 6 |  7- 9 | 10-12 || total
-------------------------+-------+-------+-------+-------++-------
Melee: Unarmed           |    99 |   154 |   311 |   423 ||   987
Evoke: Wand              |       |       |       |     1 ||     1
  Use: Potion            |       |     6 |     5 |     3 ||    14
       Scroll            |       |     5 |     9 |     7 ||    21
 Stab: Sleeping          |     4 |     2 |     2 |     7 ||    15
       Invisible         |       |     1 |     3 |     5 ||     9
       Paralysed         |       |     1 |       |       ||     1
  Eat: Chunk             |     6 |    19 |    27 |    37 ||    89
       Fruit             |       |     5 |       |       ||     5
       Beef jerky        |       |     1 |       |       ||     1
       Meat ration       |       |       |     1 |       ||     1
